AoeStats
← Kurt_Loves_AoE2

Four Lakes

508377823Analyzed
1v1 RM · 10d ago on Sep 22, 2026· 18m 20s· 2 players
Game mode
Random Map
Map size
Tiny (2 player)
Population
200
Speed
Normal
Resources
Standard
Victory
Conquest
Starting age
Dark Age
Ending age
Imperial Age
RankedLock teamsTeams togetherTeam positionsShared explorationLock speedFull tech treeHidden civsTurbo modeCheats
Victory
Defeat
🇺🇸 Teutons · United States
430
+12
🇫🇷 Cumans · France
342
-12
Kurt_Loves_AoE2
4:20 Loom
5:04 Loom
5:50 Loom
12:02 Feudal Age
16:55 Horse Collar
17:54 Forging
17:35 Fletching
17:51 Man-at-Arms
18:36 Scale Mail Armor
eridanis
12:08 Feudal Age
14:06 Horse Collar
Connection lost

Rejoining the realm…

Still unreachable

The connection could not be restored.

Session expired

The server has moved on; the page needs a fresh start.